 Dungeon Crawl Stone Soup version 0.19-a0-1851-g3228ea0 (webtiles) character file.

623 graki42 the Cudgeler (level 7, -7/60 HPs)
             Began as a Hill Orc Fighter on Oct 10, 2016.
             Killed by divine providence
             ... invoked by an orc priest
              (12 damage)
             ... on level 4 of the Dungeon.
             The game lasted 00:08:33 (3516 turns).

graki42 the Cudgeler (Hill Orc Fighter)             Turns: 3516, Time: 00:08:33

Health: -7/60      AC: 11    Str: 21    XL:     7   Next: 46%
Magic:  0/7        EV:  6    Int:  8    God:
Gold:   181        SH: 10    Dex: 10    Spells: 0 memorised, 6 levels left

rFire  . . .     SeeInvis .     i - +0 mace
rCold  . . .     Gourm    .     h - +0 chain mail
rNeg   . . .     Faith    .     c - +0 shield
rPois  .         Spirit   +     (no helmet)
rElec  .         Dismiss  .     p - +0 cloak
rCorr  .         Reflect  .     (no gloves)
MR     .....     Harm     .     (no boots)
Stlth  ..........               v - amulet of guardian spirit
                                (no ring)
                                (no ring)

@: very slightly contaminated, hasted, very quick
A: no striking features
a: Convert to Beogh


You were on level 4 of the Dungeon.
You were not hungry.

You visited 1 branch of the dungeon, and saw 4 of its levels.

You collected 181 gold pieces.

Inventory:

Hand Weapons
 a - a +0 flail
 i - a +0 mace (weapon)
Armour
 c - a +0 shield (worn)
 h - a +0 chain mail (worn)
 p - a +0 cloak (worn)
Jewellery
 v - an amulet of guardian spirit (around neck)
Wands
 q - a wand of random effects (27/48)
Scrolls
 b - 2 scrolls of blinking {unknown}
 d - a scroll of fear {unknown}
 e - 2 scrolls of enchant weapon {unknown}
 j - 4 scrolls of identify {unknown}
 k - 4 scrolls of amnesia {unknown}
 l - a scroll of fog {unknown}
 m - a scroll of teleportation {unknown}
 n - 2 scrolls of remove curse {unknown}
Potions
 g - a potion of curing
 t - 2 potions of berserk rage {unknown}
Comestibles
 f - 5 bread rations
 o - 2 slices of pizza
 s - a meat ration
 u - a chunk of flesh


   Skills:
 + Level 4.7 Fighting
 + Level 5.7 Maces & Flails
 + Level 5.0 Armour
 + Level 1.2 Dodging
 + Level 0.1 Stealth
 + Level 5.2 Shields


You had 6 spell levels left.
You didn't know any spells.

Dungeon Overview and Level Annotations

Branches:
Dungeon (4/15)
 Temple: D:4-7

Altars:
Trog


Message History

You feel better.
The orc priest looks braver for a moment.
The orc wizard mumbles some strange words.
The orc wizard blinks!
The orc priest calls down the wrath of Beogh upon you.
Beogh smites you!
* * * LOW HITPOINT WARNING * * *
You hit the orc priest.
The orc priest is almost dead.
The orc priest hits you but does no damage.
You closely miss the orc priest.
The orc priest is almost dead.
The orc priest calls upon Beogh to heal something.
You hit the orc priest but do no damage.
The orc priest is almost dead.
You closely miss the orc priest.
The orc priest is almost dead.
The orc priest calls down the wrath of Beogh upon you.
Beogh smites you!
You die...

#...........
#..##.###...
#..#..^.....
#..#....#...
#..#....#..#
#..#....#..
#..#..#.#.#
#########(.####.#.#
#oo@..............#
#'##############..#
... #..# .....
#..## ?...... #....
....... #....
....##. ##... ...#
#. ####... #......


You could see 2 orc priests.

Vanquished Creatures
  Grinder (D:3)
  A phantom (D:4)
  An orc priest (D:4)
  Crazy Yiuf (D:3)
  An orc wizard (D:3)
  Natasha (thrice) (D:3)
  A gnoll (D:1)
  6 adders
  An ooze (D:3)
  A worm (D:2)
  2 dart slugs (D:1)
  3 leopard geckos
  7 orcs (D:3)
  15 bats
  4 giant cockroaches
  5 goblins
  7 hobgoblins
  8 jackals
  5 kobolds
  2 quokkas
  6 frilled lizards
  5 rats
86 creatures vanquished.

Notes
Turn   | Place    | Note
-------+----------+-------------------------------------------
     0 | D:1      | graki42 the Hill Orc Fighter began the quest for the Orb.
     0 | D:1      | Reached XP level 1. HP: 19/19 MP: 1/1
   272 | D:1      | Reached XP level 2. HP: 27/27 MP: 2/2
   499 | D:1      | Reached XP level 3. HP: 33/33 MP: 3/3
  1122 | D:2      | Reached XP level 4. HP: 26/40 MP: 4/4
  1779 | D:2      | Found a bloodstained altar of Trog.
  2259 | D:3      | Reached XP level 5. HP: 46/46 MP: 5/5
  2268 | D:3      | Noticed Grinder
  2273 | D:3      | Paralysed by Grinder for 2 turns
  2283 | D:3      | Paralysed by Grinder for 3 turns
  2697 | D:3      | Paralysed by Grinder for 3 turns
  2703 | D:3      | Killed Grinder
  2703 | D:3      | Reached skill level 1 in Dodging
  2703 | D:3      | Reached skill level 5 in Shields
  2703 | D:3      | Reached XP level 6. HP: 27/52 MP: 6/6
  2934 | D:3      | Noticed Natasha
  2950 | D:3      | Killed Natasha
  2950 | D:3      | Reached skill level 5 in Maces & Flails
  3092 | D:3      | Noticed Natasha
  3099 | D:3      | Killed Natasha
  3141 | D:3      | Reached XP level 7. HP: 57/60 MP: 7/7
  3229 | D:3      | Found a runed door.
  3233 | D:3      | Noticed Crazy Yiuf
  3243 | D:3      | Killed Crazy Yiuf
  3340 | D:3      | Noticed Natasha
  3350 | D:3      | Killed Natasha
  3435 | D:4      | Reached skill level 5 in Armour
  3508 | D:4      | HP: 1/60 [orc priest/divine providence (10)]
  3516 | D:4      | Killed from afar by an orc priest

Vault maps used:
D:1:      lightli_arrival_noodles
D:2:      lightli_temple_of_fire
D:3:      uniq_natasha, uniq_crazy_yiuf_cottage, uniq_grinder
D:4:      first_bread, grunt_ministairs_1

Skill      XL: |  1  2  3  4  5  6  7 |
---------------+----------------------+-----
Shields        | 4 5 |  5.2
Maces & Flails | 3 4 5 |  5.7
Fighting       | 4 |  4.7
Armour         | 4 5 |  5.0
Dodging        | 1 |  1.2
Stealth        | |  0.1

Action                   |  1- 3 |  4- 6 |  7- 9 || total
-------------------------+-------+-------+-------++-------
Melee: Flail             |    14 |       |       ||    14
       Mace              |    90 |   231 |    79 ||   400
  Use: Potion            |       |     1 |     4 ||     5
  Eat: Chunk             |     1 |     7 |     1 ||     9
Armor: Scale mail        |     8 |       |       ||     8
       Chain mail        |    62 |   125 |    31 ||   218
Dodge: Dodged            |    27 |    38 |    13 ||    78
Block: Shield            |    66 |   136 |    33 ||   235
